 Dungeon Crawl Stone Soup version 0.29-a0-271-gd4eb659eea (webtiles) character file.

Game seed: 16424618515349025029

5822 Zeldest the Nimble (level 10, -2/64 HPs)
             Began as a Tengu Gladiator on Mar 9, 2022.
             Was an Elder of Okawaru.
             Slain by a death yak (22 damage)
             ... on level 8 of the Dungeon.
             The game lasted 00:20:39 (7996 turns).

Zeldest the Nimble (Tengu Gladiator)                Turns: 7996, Time: 00:20:39

Health: -2/64      AC:  7    Str: 15    XL:     10   Next: 80%
Magic:  15/15      EV: 17    Int:  9    God:    Okawaru [****..]
Gold:   328        SH:  0    Dex: 19    Spells: 9/9 levels left

rFire   + . .      SeeInvis .   a - +4 scimitar (vamp)
rCold   + . .      Faith    .   (no shield)
rNeg    . . .      Spirit   .   x - +0 scale mail
rPois   +          Reflect  .   c - +0 hat
rElec   .          Harm     .   E - scarf {rC+ rF+}
rCorr   .          Rampage  .   l - +0 pair of gloves
Will    +....                   (boots unavailable)
Stlth   ..........              J - amulet of regeneration
HPRegen 1.00/turn               D - ring of poison resistance
MPRegen 0.14/turn               L - ring of willpower

@: flying quickly and evasively, quick
A: beak, talons 3, nimble flight
a: Renounce Religion, Heroism, Finesse


You were on level 8 of the Dungeon.
You worshipped Okawaru.
Okawaru was greatly pleased with you.
You visited 2 branches of the dungeon, and saw 9 of its levels.
You also visited: Ossuary.

You collected 339 gold pieces.
You spent 11 gold pieces at shops.

Inventory:

Hand Weapons
 a - a +4 vampiric scimitar (weapon)
 b - a +2 rapier of venom
 w - a +1 dagger of electrocution
Missiles
 d - 2 throwing nets (quivered)
 e - 5 javelins
Armour
 c - a +0 hat (worn)
 l - a +0 pair of gloves (worn)
 x - a +0 scale mail (worn)
 E - a scarf of resistance (worn)
Jewellery
 D - a ring of poison resistance (left hand)
 J - an amulet of regeneration (around neck)
 K - a ring of protection from fire
 L - a ring of willpower (right hand)
Wands
 n - a wand of paralysis (13)
 s - a wand of flame (29)
 M - a wand of iceblast (12)
Scrolls
 g - 2 scrolls of enchant weapon {unknown}
 h - 2 scrolls of teleportation {unknown}
 j - 2 scrolls of magic mapping {unknown}
 q - a scroll of fog {unknown}
 u - a scroll of blinking {unknown}
 v - a scroll of enchant armour {unknown}
 y - 2 scrolls of immolation {unknown}
 C - 2 scrolls of silence {unknown}
 F - a scroll of fear {unknown}
 G - a scroll of amnesia {unknown}
 O - 2 scrolls of vulnerability {unknown}
Potions
 k - 2 potions of mutation
 m - a potion of cancellation {unknown}
 o - 2 potions of lignification
 p - 2 potions of heal wounds
 t - 5 potions of curing
 z - a potion of resistance
 B - a potion of haste
 I - a potion of might {unknown}


   Skills:
 + Level 8.1 Fighting
 - Level 8.1(8.6) Short Blades
 + Level 4.2(6.7) Long Blades
 - Level 2.0 Throwing
 + Level 9.3 Dodging
 + Level 6.2 Invocations
 + Level 3.8 Evocations


You had 9 spell levels left.
You didn't know any spells.
Your spell library was empty.

Dungeon Overview and Level Annotations

Branches:
Dungeon (8/15)             Temple (1/1) D:4         Ossuary (visited)
   Lair: D:8-11

Altars:
Ashenzari
Cheibriados
Elyvilon
Fedhas
Gozag
Hepliaklqana
Kikubaaqudgha
Makhleb
Nemelex Xobeh
Okawaru
Qazlal
Ru
Sif Muna
Trog
Uskayaw
Vehumet
Zin
The Shining One

Shops:
D:3 !


Innate Abilities, Weirdness & Mutations

You have a beak for a mouth.
You have claws for feet.
Your magical nature lets you fly swiftly and evasively.


Message History

The death yak gores you but does no damage.
Items here: ! ))) == [[.
Things that are here:
a +0 halberd; a +0 robe You see here a +0 robe.
Items here: )) [[.
You see here a rat corpse.
You feel the dreadful sensation subside.
Your +2 rapier of venom begins to drip with poison!
b - a +2 rapier of venom (weapon)
You puncture the death yak!
The death yak is poisoned.
The death yak is lightly wounded.
The death yak misses you.
You hit the death yak but do no damage.
The death yak looks as sick as possible!
Your kick misses the death yak. You peck the death yak.
The death yak is lightly wounded.
The death yak barely misses you.
You hit the death yak.
The death yak looks as sick as possible!
You claw the death yak, but do no damage.
You peck the death yak.
The death yak is moderately wounded.
The death yak gores you!!
Your +2 rapier of venom stops dripping with poison.
You feel a sense of dread.
a - a +4 vampiric scimitar (weapon)
You hit the death yak but do no damage.
You claw the death yak, but do no damage.
The death yak is moderately wounded.
The death yak gores you.
You slash the death yak!
You feel better.
You punch the death yak, but do no damage.
The death yak is moderately wounded.
The death yak gores you!! The death yak attacks as you move away!
The death yak closely misses you. The death yak attacks as you move away!
The death yak gores you!
* * * LOW HITPOINT WARNING * * *
The death yak attacks as you move away! The death yak gores you!!
You die...

#..............#
#........#.####.# #..#######r#
#..# #r# #..# #z#
###############..# #z#
.Yr.z........)...# #.#
###############..#######r######
....[.....)†z.rY@...............
###############.################
#.# #.# #.# #.# ###


You could see a death yak (very poisoned), a hell rat and a wight.

Vanquished Creatures
  2 death yaks (D:8)
  Pikel (D:4)
  A troll (D:6)
  Sigmund (D:3)
  4 yaks (D:8)
  An acid dragon (D:8)
  A water moccasin (D:7)
  2 hornet zombies (Ossuary)
  A black bear (D:6)
  4 sky beasts
  2 ice beasts (D:8)
  3 kobold brigands
  Blork the orc (D:4)
  2 necrophages
  2 scorpions (D:6)
  7 wights (D:8)
  7 centaur zombies
  8 bullfrog zombies (Ossuary)
  3 jellies
  3 hounds
  2 orc priests
  Jessica (D:2)
  6 orc wizards
  Terence (D:2)
  2 killer bee zombies (Ossuary)
  12 mummies (Ossuary)
  3 gnolls (D:3)
  7 adders
  A river rat (D:8)
  2 white imps (D:6)
  2 ufetubi
  2 worms
  A dart slug (D:5)
  22 orcs
  6 endoplasms
  3 giant cockroaches
  3 goblins
  8 hobgoblins
  20 kobolds
  7 quokkas
  5 ball pythons
  3 bats (D:1)
  5 frilled lizards
  2 rats (D:8)
182 creatures vanquished.

Vanquished Creatures (others)
  6 withered plants (Ossuary)
6 creatures vanquished.

Grand Total: 188 creatures vanquished

Notes
Turn   | Place    | Note
-------+----------+-------------------------------------------
     0 | D:1      | Zeldest the Tengu Gladiator began the quest for the Orb.
     0 | D:1      | Reached XP level 1. HP: 12/12 MP: 2/2
   121 | D:1      | Reached XP level 2. HP: 16/17 MP: 3/3
   746 | D:2      | Noticed Jessica
   755 | D:2      | Killed Jessica
   756 | D:2      | Reached skill level 1 in Short Blades
   756 | D:2      | Reached XP level 3. HP: 13/22 MP: 4/4
  1243 | D:2      | Found a faded altar of an unknown god.
  1295 | D:2      | Noticed Terence
  1311 | D:2      | Killed Terence
  1312 | D:2      | Reached skill level 4 in Dodging
  1312 | D:2      | Reached XP level 4. HP: 15/27 MP: 5/5
  2092 | D:3      | Found Fyumewk's Distillery.
  2097 | D:3      | Bought a potion of degeneration for 11 gold pieces
  2282 | D:3      | Gained mutation: Your magical nature lets you fly swiftly
                  | and evasively. [Tengu growth]
  2282 | D:3      | Reached XP level 5. HP: 30/32 MP: 6/6
  2458 | D:3      | Noticed Sigmund
  2465 | D:3      | Killed Sigmund
  2466 | D:3      | Reached skill level 5 in Dodging
  2466 | D:3      | Reached XP level 6. HP: 29/38 MP: 7/7
  2715 | D:4      | Found a staircase to the Ecumenical Temple.
  2722 | Temple   | Entered the Ecumenical Temple
  2985 | Temple   | Became a worshipper of Warmaster Okawaru
  3042 | D:4      | Noticed Blork the orc
  3052 | D:4      | Killed Blork the orc
  3414 | D:4      | Noticed Pikel
  3433 | D:4      | Reached skill level 1 in Invocations
  3445 | D:4      | Killed Pikel
  3446 | D:4      | Reached skill level 5 in Fighting
  3446 | D:4      | Reached skill level 6 in Dodging
  3446 | D:4      | Reached XP level 7. HP: 35/44 MP: 7/9
  3677 | D:4      | Reached * piety under Okawaru
  3678 | D:4      | Reached XP level 8. HP: 49/49 MP: 10/10
  3927 | D:5      | Entered Level 5 of the Dungeon
  3958 | D:5      | Found a sand-covered staircase.
  3963 | Ossuary  | Entered an ossuary
  4118 | Ossuary  | Reached skill level 5 in Short Blades
  4550 | Ossuary  | Reached skill level 7 in Dodging
  4708 | Ossuary  | Reached ** piety under Okawaru
  4709 | Ossuary  | Reached XP level 9. HP: 24/55 MP: 12/12
  6330 | D:6      | Noticed a troll
  6334 | D:6      | Killed a troll
  6425 | D:6      | Reached skill level 8 in Dodging
  6651 | D:6      | Reached skill level 5 in Invocations
  6964 | D:6      | Reached *** piety under Okawaru
  7039 | D:7      | Reached skill level 1 in Evocations
  7170 | D:7      | Reached XP level 10. HP: 50/63 MP: 12/14
  7708 | D:8      | Noticed a death yak
  7766 | D:8      | Killed a death yak
  7766 | D:8      | Reached **** piety under Okawaru
  7767 | D:8      | Reached skill level 9 in Dodging
  7913 | D:8      | Noticed a death yak
  7917 | D:8      | Noticed a death yak
  7939 | D:8      | Killed a death yak
  7996 | D:8      | Slain by a death yak

Illustrated notes

Levels and vault maps discovered:
D:1:      lightli_arrival_chessboard, layout_loops_ring
D:2:      layout_loops_ring, dreamdust_ecumenical_altar_hidden_monk_grotto,
          uniq_terence, uniq_jessica
D:3:      layout_loops_cross, serial_shops, shop, hex_large, uniq_sigmund
D:4:      layout_loops_ring, temple_statues, uniq_blork_the_orc, uniq_pikel
D:5:      layout_basic, enter_ossuary_5, minmay_misc_feat_nine_boxes
D:6:      layout_gridville
D:7:      layout_gridville, nicolae_yredelemnul_corpse_copse,
          hellmonk_bongcloud_opening, uniq_joseph
D:8:      layout_basic, dpeg_lair_monsters
Temple:   dpeg_five_rooms_temple

Skill      XL: |  1  2  3  4  5  6  7  8  9 10 |
---------------+-------------------------------+-----
Short Blades   | 1 2 3 4 5 7 8 |  8.1
Dodging        | 4 5 6 7 8 9 |  9.3
Fighting       | 3 5 6 7 8 |  8.1
Invocations    | 2 3 5 6 |  6.2
Evocations     | 1 3 |  3.8
Long Blades    | 4 |  4.2
Throwing       | |  2.0

Action                   |  1- 3 |  4- 6 |  7- 9 | 10-12 || total
-------------------------+-------+-------+-------+-------++-------
Melee: Long sword        |    28 |       |       |       ||    28
       Kick              |    14 |    25 |   121 |    47 ||   207
       Peck              |    10 |    11 |    61 |    28 ||   110
       Short sword       |    22 |    60 |   132 |       ||   214
       Dagger            |     4 |     5 |     8 |    41 ||    58
       Punch             |     1 |     2 |     4 |     2 ||     9
       Rapier            |       |    31 |   153 |    78 ||   262
       Scimitar          |       |       |       |    17 ||    17
Throw: Throwing net      |     1 |       |       |       ||     1
Invok: Heroism           |       |       |     2 |     2 ||     4
Evoke: Wand              |       |       |     3 |     1 ||     4
  Use: Scroll            |       |       |     1 |     8 ||     9
 Stab: Paralysed         |       |       |     6 |     2 ||     8
Armor: Ring mail         |    17 |    16 |     4 |       ||    37
       Scale mail        |       |       |    62 |    21 ||    83
Dodge: Dodged            |    26 |    41 |   194 |    90 ||   351

Table legend: (Time is in decaauts)
 A = Elapsed time spent in this place.
 B = Non-inter-level travel time spent in this place.
 C = Inter-level travel time spent in this place.
 D = Time resting spent in this place.
 E = Time spent auto-exploring this place.
 F = Levels seen in this place.
 G = Mean time per level.
                   A        B        C        D        E       F      G
               +--------+--------+--------+--------+--------+-----+--------+
         Total |   7584 |   7340 |    244 |   2293 |   3570 |  10 |  758.4 |
       Dungeon |   6094 |   5882 |    212 |   1477 |   3220 |   8 |  761.8 |
        Temple |    269 |    238 |     31 |      0 |    223 |   1 |  269.0 |
       Ossuary |   1220 |   1220 |      0 |    816 |    126 |   1 | 1220.0 |
               +--------+--------+--------+--------+--------+-----+--------+

Top non-repeatable levels by time:
 Ossuary: 1220 daAuts
     D:2: 1136 daAuts
     D:5: 872 daAuts
     D:4: 857 daAuts
     D:6: 808 daAuts
     D:3: 801 daAuts
     D:1: 746 daAuts
     D:8: 730 daAuts
  Temple: 269 daAuts
     D:7: 140 daAuts
